 Dungeon Sprint DCSS version 0.27-a0-124-g19cb506db8 (webtiles) character file.

Game seed: 15933179035282219009

644 mhtbhm the Martial Artist (level 7, -2/55 HPs)
             Began as an Octopode Transmuter on Jan 26, 2021.
             Was a Believer of Sif Muna.
             Slain by a catoblepas (5 damage)
             ... while petrified by a catoblepas
             ... in the Dungeon (Sprint IX: "|||||||||||||||||||||||||||||").
             The game lasted 00:00:55 (544 turns).

mhtbhm the Martial Artist (Octopode Transmuter)      Turns: 544, Time: 00:00:56

Health: -2/55      AC:  7    Str: 11    XL:     7   Next: 52%
Magic:  2/17       EV:  1    Int: 16    God:    Sif Muna [**....]
Gold:   0          SH:  0    Dex: 15    Spells: 9/19 levels left

rFire    x . .     SeeInvis .     - Unarmed
rCold    + + +     Faith    .   (shield currently unavailable)
rNeg     + + +     Spirit   .   (helmet currently unavailable)
rPois    ∞         Reflect  .   (no amulet)
rElec    .         Harm     .   k - +3 ring of dexterity
rCorr    .         Rampage  .   l - +2 ring of protection
Will     .....     NoTele   +   (no ring)
Stlth    ++........             (no ring)
HPRegen  0.18/turn              (no ring)
MPRegen  0.15/turn              (no ring)
                                (no ring)
                                (no ring)

@: ice-form (expiring), petrified, berserk cooldown, slowed
A: large, almost no armour, stealthy swim, amphibious, 8 rings, (constrict 8)
a: End Transformation, Renounce Religion, Channel Magic


You were in the Dungeon.
You worshipped Sif Muna.
Sif Muna was pleased with you.
You were a creature of crystalline ice.
You visited 1 branch

Inventory:

Jewellery
 k - a +3 ring of dexterity (left front paw)
 l - a +2 ring of protection (right front paw)
Wands
 j - a wand of acid (10)
Scrolls
 g - 2 scrolls of blinking
 h - 3 scrolls of remove curse
 i - 2 scrolls of amnesia
Potions
 a - a potion of invisibility
 b - 5 potions of curing
 c - 3 potions of heal wounds
 d - a potion of haste
 e - 4 potions of magic


   Skills:
 + Level 3.0 Fighting
 + Level 5.7 Dodging
 + Level 3.2 Stealth
 + Level 11.2 Unarmed Combat
 + Level 6.6 Spellcasting
 + Level 6.4 Transmutations
 + Level 1.0 Ice Magic


You had 9 spell levels left.
You knew the following spells:

 Your Spells              Type           Power        Failure   Level
a - Beastly Appendage     Tmut           52%          1%          1
b - Wereblood             Tmut           26%          1%          2
c - Spider Form           Tmut/Pois      7%           11%         3
d - Ice Form              Ice/Tmut       17%          26%         4

Your spell library contained the following spells:

 Spells                   Type           Power        Failure   Level
 Blade Hands              Tmut           13%          26%         5


Dungeon Overview and Level Annotations

Branches:
Dungeon (1/1)

Altars:
Cheibriados
Dithmenos
Elyvilon
Fedhas
Gozag
Hepliaklqana
Kikubaaqudgha
Makhleb
Nemelex Xobeh
Okawaru
Qazlal
Ru
Sif Muna
Trog
Uskayaw
Vehumet
Wu Jian
Xom
Yredelemnul
Zin
The Shining One
Beogh
Jiyva
Lugonu


Innate Abilities, Weirdness & Mutations

You cannot wear most types of armour.
You are very stealthy in the water. (Stealth+)
You are amphibious.
You can wear up to eight rings at the same time.
((You can use your tentacles to constrict eight enemies at once.))
((Your skin changes colour to match your surroundings (Stealth+).))
((Your rubbery body absorbs attacks. (AC +1, EV +1)))


Message History

The catoblepas is moderately wounded.
You are engulfed in calcifying dust.
Your limbs have turned to stone.
The catoblepas gores you!!
You have turned to stone.
You are engulfed in calcifying dust.
The catoblepas breathes a plume of calcifying dust at you.
The blast of calcifying dust hits you!
You are engulfed in calcifying dust.
The catoblepas gores you.
You are engulfed in calcifying dust.
The catoblepas gores you!!
You are engulfed in calcifying dust.
You are no longer berserk.
You feel yourself slow down.
The catoblepas breathes a plume of calcifying dust at you.
The blast of calcifying dust hits you.
* * * LOW HITPOINT WARNING * * *
You are engulfed in calcifying dust.
The catoblepas gores you!!
* * * LOW HITPOINT WARNING * * *
You are engulfed in calcifying dust.
The catoblepas gores you.
* * * LOW HITPOINT WARNING * * *
The catoblepas gores you!
You die... ▓▓▓▓▓▓▓▓▓▓▓▓▓▓▓▓▓▓▓▓▓▓▓▓ +..hhWYY.§§.§††..[[[.).. ▓▓▓▓▓▓▓▓▓▓▓▓▓▓▓▓▓▓▓▓▓▓▓▓

You could see a catoblepas, a wraith and 2 hounds.

Vanquished Creatures
  An ugly thing (D)
  An eye of draining (D)
  A killer bee (D)
  A jelly (D)
  2 worker ants (D)
  2 adders (D)
  An ufetubus (D)
  An ooze (D)
  An adder zombie (D)
  A leopard gecko (D)
  An orc (D)
  A bat skeleton (D)
  A goblin (D)
  A hobgoblin (D)
  A jackal (D)
  A rat (D)
18 creatures vanquished.

Notes
Turn   | Place    | Note
-------+----------+-------------------------------------------
     0 | D        | mhtbhm the Octopode Transmuter began the quest for the Orb.
     0 | D        | Reached XP level 1. HP: 13/13 MP: 3/3
    12 | D        | Reached XP level 2. HP: 17/18 MP: 2/5
    17 | D        | Reached skill level 4 in Unarmed Combat
   249 | D        | Learned a level 2 spell: Wereblood
   261 | D        | Reached skill level 5 in Unarmed Combat
   261 | D        | Reached XP level 3. HP: 21/23 MP: 2/7
   271 | D        | Reached skill level 6 in Unarmed Combat
   271 | D        | Reached XP level 4. HP: 12/28 MP: 3/9
   280 | D        | Found a roughly hewn altar of Beogh.
   280 | D        | Found a snail-covered altar of Cheibriados.
   280 | D        | Found a shadowy altar of Dithmenos.
   280 | D        | Found a white marble altar of Elyvilon.
   280 | D        | Found a blossoming altar of Fedhas.
   280 | D        | Found an opulent altar of Gozag.
   281 | D        | Found a hazy altar of Hepliaklqana.
   282 | D        | Found a viscous altar of Jiyva.
   283 | D        | Found an ancient bone altar of Kikubaaqudgha.
   284 | D        | Found a corrupted altar of Lugonu.
   285 | D        | Found a burning altar of Makhleb.
   286 | D        | Found a sparkling altar of Nemelex Xobeh.
   287 | D        | Found an iron altar of Okawaru.
   288 | D        | Found a stormy altar of Qazlal.
   289 | D        | Found a sacrificial altar of Ru.
   290 | D        | Found a shimmering blue altar of Sif Muna.
   291 | D        | Found a bloodstained altar of Trog.
   292 | D        | Found a hide-covered altar of Uskayaw.
   293 | D        | Found a radiant altar of Vehumet.
   294 | D        | Found an ornate altar of the Wu Jian Council.
   295 | D        | Found a shimmering altar of Xom.
   296 | D        | Found a basalt altar of Yredelemnul.
   297 | D        | Found a glowing silver altar of Zin.
   298 | D        | Became a worshipper of Sif Muna the Loreminder
   299 | D        | Found a glowing golden altar of the Shining One.
   501 | D        | Learned a level 3 spell: Spider Form
   506 | D        | Learned a level 4 spell: Ice Form
   513 | D        | Reached skill level 1 in Stealth
   513 | D        | Reached skill level 7 in Unarmed Combat
   513 | D        | Reached * piety under Sif Muna
   514 | D        | Reached XP level 5. HP: 33/33 MP: 1/11
   517 | D        | Reached ** piety under Sif Muna
   524 | D        | Noticed a catoblepas
   524 | D        | Noticed a white ugly thing
   524 | D        | Noticed a wraith
   524 | D        | Noticed an eye of draining
   527 | D        | Killed an eye of draining
   528 | D        | Reached skill level 9 in Unarmed Combat
   528 | D        | Reached skill level 5 in Spellcasting
   528 | D        | Reached skill level 5 in Transmutations
   528 | D        | Reached XP level 6. HP: 39/39 MP: 0/13
   533 | D        | Killed a white ugly thing
   534 | D        | Reached skill level 5 in Dodging
   534 | D        | Reached skill level 11 in Unarmed Combat
   534 | D        | Reached skill level 1 in Ice Magic
   534 | D        | Reached XP level 7. HP: 46/46 MP: 1/17
   544 | D        | Slain by a catoblepas

Illustrated notes

Levels and vault maps discovered:
D:        linesprint [early_d, line_temple, items_1, d_10, items_2, lair_1,
          lair_end, items_3, orc_1, orc_end, items_4, d_15, swamp_1, shoals_1,
          snake_1, spider_1, d_20, vaults_1, items_5, swamp_end, shoals_end,
          snake_end, spider_end, vaults_end, d_27, items_6, zot_1, zot_end,
          crypt_end, forest_end, elf_end, slime_end, tomb_end, abyss_end,
          pan_hell_end]

Skill      XL: |  1  2  3  4  5  6 |
---------------+-------------------+-----
Unarmed Combat | 5 6 7 9 11 | 11.2
Dodging        | 3 4 5 |  5.7
Spellcasting   | 3 4 5 6 |  6.6
Transmutations | 3 4 5 6 |  6.4
Stealth        | 1 2 3 |  3.2
Fighting       | 2 3 |  3.0
Ice Magic      | 1 |  1.0

Action                   |  1- 3 |  4- 6 |  7- 9 || total
-------------------------+-------+-------+-------++-------
Melee: Unarmed           |    33 |    18 |     3 ||    54
       Constrict         |     6 |     1 |       ||     7
       Tentacles         |     3 |     1 |       ||     4
       Kick              |     2 |       |       ||     2
       Punch             |     1 |       |       ||     1
 Cast: Wereblood         |     1 |     1 |       ||     2
       Beastly Appendage |     1 |       |       ||     1
       Ice Form          |       |     1 |       ||     1
  Use: Potion            |       |     1 |       ||     1
Armor: Skin              |     2 |     3 |     1 ||     6
Dodge: Dodged            |    19 |     6 |       ||    25

Table legend: (Time is in decaauts)
 A = Elapsed time spent in this place.
 B = Non-inter-level travel time spent in this place.
 C = Inter-level travel time spent in this place.
 D = Time resting spent in this place.
 E = Time spent auto-exploring this place.
 F = Levels seen in this place.
 G = Mean time per level.
                   A        B        C        D        E       F      G
               +--------+--------+--------+--------+--------+-----+--------+
         Total |    535 |    535 |      0 |    393 |      0 |   1 |  535.0 |
       Dungeon |    535 |    535 |      0 |    393 |      0 |   1 |  535.0 |
               +--------+--------+--------+--------+--------+-----+--------+

Top non-repeatable levels by time:
       D: 535 daAuts
